 Dungeon Crawl Stone Soup version 0.25-a0-786-g5b70d41e48 (webtiles) character file.

Game seed: 1897814545333769998, levelgen mode: deterministic

274576 Conn the Eclecticist (level 20, -10/119 HPs)
             Began as an Octopode Wizard on Apr 17, 2020.
             Was a High Priest of Sif Muna.
             Mangled by a +1 vorpal scimitar (13 damage)
             ... on level 2 of the Elven Halls on Apr 18, 2020.
             The game lasted 08:35:38 (58107 turns).

Conn the Eclecticist (Octopode Wizard)             Turns: 58107, Time: 08:35:38

Health: -10/119    AC:  3    Str:  7    XL:     20   Next: 32%
Magic:  29/61      EV: 16    Int: 26    God:    Sif Muna [*****.]
Gold:   2234       SH: 13    Dex: 11    Spells: 2/58 levels left

rFire    . . .     SeeInvis +   K - staff of conjuration
rCold    . . .     Gourm    .   y - +3 buckler {rN+}
rNeg     + . .     Faith    .   e - +2 hat
rPois    +         Spirit   .   G - +5 amulet of reflection
rElec    +         Reflect  +   r - ring of magical power
rCorr    +         Harm     .   s - ring "Ickacwul" {+Blink rElec MP+9}
MR       +++..     Rnd*Rage +   l - ring of resist corrosion
Stlth    ++++......             u - ring of protection from magic
HPRegen  0.29/turn              H - ring of wizardry
MPRegen  0.37/turn              i - ring of see invisible
                                M - ring of protection from magic
                                V - ring of poison resistance

@: studying Staves, deflect missiles
A: almost no armour, stealthy swim, amphibious, 8 rings, constrict 8, camouflage
1, berserk 1, dopey 1, electricity resistance, gelatinous body 1, subdued magic
1
}: 2/15 runes: decaying, serpentine
a: Channel Magic, Forget Spell, Divine Exegesis, Renounce Religion, Evoke Blink


You were on level 2 of the Elven Halls.
You worshipped Sif Muna.
Sif Muna was extremely pleased with you.
You were hungry.

You visited 8 branches of the dungeon, and saw 35 of its levels.
You also visited: Desolation.

You collected 3401 gold pieces.
You spent 1167 gold pieces at shops.

Inventory:

Hand Weapons
 a - the +3 dagger of the Spider Nest {pain, rPois Str+4}
   (You bought it in a shop on level 2 of the Orcish Mines)

   In the hands of one skilled in necromantic magic, it inflicts extra damage on
   living creatures.
   It affects your strength (+4).
   It protects you from poison.
Missiles
 Z - 8 boomerangs of dispersal (quivered)
Armour
 e - a +2 hat (worn)
 y - a +3 buckler of positive energy (worn)
Magical Staves
 b - an uncursed staff of fire
 h - an uncursed staff of cold
 K - an uncursed staff of conjuration (weapon)
Jewellery
 i - a ring of see invisible (on tentacle)
 l - a ring of resist corrosion (on tentacle)
 r - a ring of magical power (left tentacle)
 s - the ring "Ickacwul" (right tentacle) {+Blink rElec MP+9}
   (You found it on level 4 of the Dungeon)

   [ring of magical power]

   It insulates you from electricity.
   It affects your magic capacity (+9).
   It lets you blink.
 u - a ring of protection from magic (on tentacle)
 G - a +5 amulet of reflection (around mantle)
 H - a ring of wizardry (on tentacle)
 M - a ring of protection from magic (on tentacle)
 O - a +3 ring of intelligence
 U - an uncursed ring of ice
 V - a ring of poison resistance (on tentacle)
Wands
 v - a wand of paralysis (28)
 x - a wand of acid (12)
 A - a wand of enslavement (30)
 I - a wand of clouds (5)
 S - a wand of digging (5)
Scrolls
 d - 6 scrolls of teleportation
 f - 33 scrolls of identify
 m - 5 scrolls of enchant weapon
 z - a scroll of holy word
 B - 11 scrolls of remove curse
 F - 6 scrolls of fog
 P - a scroll of fear
 Q - 5 scrolls of immolation
 R - a scroll of magic mapping
Potions
 k - 4 potions of berserk rage
 n - 5 potions of lignification
 o - 8 potions of curing
 p - 4 potions of resistance
 C - a potion of heal wounds
 D - 8 potions of flight
 N - a potion of might
 W - 3 potions of haste
 X - 3 potions of invisibility
Books
 j - a manual of Staves
Comestibles
 c - 21 rations
 g - 3 chunks of flesh


   Skills:
 + Level 5.5 Fighting
 + Level 3.6 Short Blades
   Level 5.0 Maces & Flails
 + Level 0.3(3.0) Staves
 + Level 0.2 Throwing
 + Level 6.6 Dodging
 - Level 6.4 Stealth
 - Level 5.5 Shields
 - Level 1.0 Unarmed Combat
 * Level 19.5 Spellcasting
 + Level 16.3 Conjurations
 - Level 6.1 Charms
 - Level 6.3 Summonings
 - Level 6.5 Translocations
   Level 2.2 Transmutations
 * Level 9.2 Fire Magic
   Level 4.3 Ice Magic
 + Level 5.8 Air Magic
 - Level 3.0 Earth Magic
 - Level 6.4 Poison Magic
 - Level 5.0 Invocations
 - Level 5.0 Evocations


You had 2 spell levels left.
You knew the following spells:

 Your Spells              Type           Power        Failure   Level  Hunger
a - Magic Dart            Conj           ####         0%          1    None
b - Blink                 Tloc           N/A          1%          2    None
c - Spellforged Servitor  Conj/Summ      #######...   4%          7    ####...
d - Deflect Missiles      Chrm/Air       #####.....   8%          6    ##.....
e - Mephitic Cloud        Conj/Pois/Air  ######..     1%          3    None
f - Iskenderun's Battles  Conj/Chrm      #######.     1%          5    None
g - Bolt of Magma         Conj/Fire/Erth ######....   1%          5    None
h - Iskenderun's Mystic   Conj/Tloc      #######.     1%          4    None
i - Fireball              Conj/Fire      #######...   1%          5    None
j - Searing Ray           Conj           ######       0%          2    None
k - Orb of Destruction    Conj           #######...   1%          7    ####...
l - Ring of Flames        Chrm/Fire      ######....   21%         7    ####...
m - Shroud of Golubria    Chrm/Tloc      #####.       1%          2    None

Your spell library contained the following spells:

 Spells                   Type           Power        Failure   Level  Hunger
 Foxfire                  Conj/Fire      ####         0%          1    None
 Shock                    Conj/Air       ####         0%          1    None
 Animate Skeleton         Necr           N/A          1%          1    None
 Apportation              Tloc           #####.       1%          1    None
 Beastly Appendage        Tmut           ####..       1%          1    None
 Corona                   Hex            ###....      1%          1    None
 Freeze                   Ice            ####         1%          1    None
 Infusion                 Chrm           ####         1%          1    None
 Pain                     Necr           ###.         1%          1    None
 Sandblast                Erth           ####..       1%          1    None
 Sting                    Tmut/Pois      ####         1%          1    None
 Summon Small Mammal      Summ           ####         1%          1    None
 Call Imp                 Summ           #####...     1%          2    None
 Ensorcelled Hibernation  Hex/Ice        ####..       1%          2    None
 Passwall                 Tmut/Erth      ####....     1%          2    None
 Poisonous Vapours        Pois/Air       #####.       1%          2    None
 Slow                     Hex            ###.....     1%          2    None
 Song of Slaying          Chrm           #####...     1%          2    None
 Sticks to Snakes         Tmut           ####....     1%          2    None
 Sublimation of Blood     Necr           ###.......   1%          2    None
 Swiftness                Chrm/Air       #####...     1%          2    None
 Conjure Flame            Conj/Fire      #######.     0%          3    None
 Call Canine Familiar     Summ           #####...     1%          3    None
 Confusing Touch          Hex            ###.....     1%          3    None
 Dazzling Flash           Conj/Hex       ######       1%          3    None
 Frozen Ramparts          Ice            #####.       1%          3    None
 Gell's Gravitas          Tloc           #####.....   1%          3    None
 Ignite Poison            Fire/Tmut/Pois #####...     1%          3    None
 Lesser Beckoning         Tloc           #####.....   1%          3    None
 Ozocubu's Armour         Chrm/Ice       #####...     1%          3    None
 Spectral Weapon          Hex/Chrm       ####....     1%          3    None
 Spider Form              Tmut/Pois      #####.....   1%          3    None
 Stone Arrow              Conj/Erth      ######       1%          3    None
 Summon Guardian Golem    Hex/Summ       ####....     1%          3    None
 Teleport Other           Tloc           #####...     1%          3    None
 Vampiric Draining        Necr           ###.......   1%          3    None
 Fulminant Prism          Conj/Hex       ######....   1%          4    None
 Hailstorm                Conj/Ice       #######.     1%          4    None
 Ice Form                 Ice/Tmut       ####....     1%          4    None
 Olgreb's Toxic Radiance  Pois           #####...     1%          4    None
 Passage of Golubria      Tloc           N/A          1%          4    None
 Petrify                  Tmut/Erth      ####....     1%          4    None
 Summon Ice Beast         Ice/Summ       #####...     1%          4    None
 Summon Lightning Spire   Summ/Air       #####...     1%          4    None
 Irradiate                Conj/Tmut      ######....   1%          5    None
 Lightning Bolt           Conj/Air       #######...   1%          5    None
 Conjure Ball Lightning   Conj/Air       #######...   1%          6    ##.....
 Iron Shot                Conj/Erth      ######....   1%          6    ##.....
 Starburst                Conj/Fire      #######...   1%          6    ##.....
 Alistair's Intoxication  Tmut/Pois      #####...     2%          5    None
 Excruciating Wounds      Chrm/Necr      ####......   4%          5    None
 Lee's Rapid Deconstruct  Erth           ####......   4%          5    None
 Silence                  Hex/Air        ####......   4%          5    None
 Summon Mana Viper        Hex/Summ       ####....     4%          5    None
 Animate Dead             Necr           N/A          6%          4    None
 Blade Hands              Tmut           ####......   6%          5    None
 Dispersal                Tloc           #####.....   6%          6    ##.....
 Metabolic Englaciation   Hex/Ice        ####......   7%          5    None
 Shadow Creatures         Summ           N/A          7%          6    ##.....
 Borgnjor's Vile Clutch   Necr/Erth      ####......   9%          5    None
 Yara's Violent Unravell  Hex/Tmut       ###.......   11%         5    None
 Agony                    Necr           ###.....     16%         5    None
 Eringya's Noxious Bog    Tmut/Pois      #####.....   16%         6    ##.....
 Statue Form              Tmut/Erth      ####.....    30%         6    ##.....
 Hydra Form               Tmut           ####......   34%         6    ##.....
 Malign Gateway           Summ/Tloc      #####.....   34%         7    ####...
 Lehudib's Crystal Spear  Conj/Erth      ######....   58%         8    ######.
 Darkness                 Hex            ###.......   65%         6    ##.....
 Invisibility             Hex            ###.....     65%         6    ##.....
 Haunt                    Necr/Summ      ####......   78%         7    ####...
 Dragon Form              Tmut           ####......   89%         7    ####...
 Disjunction              Tloc           #####.....   94%         8    ######.
 Fire Storm               Conj/Fire      #######...   96%         9    #######
 Necromutation            Tmut/Necr      ###.......   100%        8    ######.


Dungeon Overview and Level Annotations

Branches:
Dungeon (15/15)            Temple (1/1) D:4            Lair (6/6) D:10
  Swamp (4/4) Lair:3        Snake (4/4) Lair:4        Slime (1/5) Lair:5
    Orc (2/2) D:10            Elf (2/3) Orc:2        Vaults (0/5) D:13
 Depths (0/5) D:15        Desolation (visited)

Altars:
Ashenzari
Cheibriados
Hepliaklqana
Kikubaaqudgha
Okawaru
Qazlal
Ru
Sif Muna
Uskayaw
Wu Jian
Xom
Zin
The Shining One
Beogh

Shops:
Orc:1 %[=   Orc:2 ((*!   Elf:2 !:!:   Snake:1 ((:(

Annotations:
Swamp:2 3 runed translucent doors, Maedhros's ghost, adept OpAr


Innate Abilities, Weirdness & Mutations

You cannot wear most types of armour.
You are very stealthy in the water. (Stealth+)
You are amphibious.
You can wear up to eight rings at the same time.
You can use your tentacles to constrict eight enemies at once.
Your skin changes colour to match your surroundings (Stealth+).
Your rubbery body absorbs attacks. (AC +1, EV +1)
You tend to lose your temper in combat.
You are dopey. (Int -2)
You are resistant to electric shocks. (rElec)
Your spells are a little easier to cast, but a little less powerful.


Message History

You feel a surge of power!
You erupt in a blast of force!
The mystic blast hits the +4 dire flail of protection but does no damage.
The +4 dire flail of protection is moderately damaged.
The mystic blast hits the +1 vorpal scimitar.
The +1 vorpal scimitar is severely damaged.
The +1 vorpal scimitar is knocked back by the mystic blast.
The +4 dire flail of protection hits you!!
* * * LOW HITPOINT WARNING * * *
Okay, then.
Unknown command.
Unknown command.
Okay, then.
Press: ? - help, v - describe, . - travel
Here: a +4 dire flail of protection (magical condensation, lightly damaged)
The floor, spattered with blood.
Unknown command.
Casting: Iskenderun's Mystic Blast (safe; 1% risk of failure)
Confirm with . or Enter, or press ? or * to list all spells.
You blink.
The +1 vorpal scimitar hits you!
You die...

..........≈#...............
##≈≈.≈≈######...........#
#≈≈.≈≈# #...).)...# #≈≈.≈≈#
##.........## ##≈.≈##
##...........# #≈.≈#
#....).....§.... #≈.≈#
##...○.......... ###)###
##○(..#........ ##'''''####
##§(@###.......
..).......###...## #......
...........#.....## ......
).................# .....
....)................ ..
.......).............
##.....##....##...##..
###.#.####..####.## #.
##### #### ##


You could see 2 dancing weapons.

Vanquished Creatures
  2 nameless horrors
  An acid blob (Slime:1)
  The ghost of dricus the Warrior, an adept KoBe of Trog (Snake:3)
  Frances (D:13)
  3 thorn hunters
  12 nagarajas
  Aizul (Swamp:2)
  Louise (Snake:4)
  A deep elf demonologist (Elf:1)
  Josephine (D:15)
  2 fire dragons (D:15)
  A ragged hierophant (Desolation)
  Fannar (Lair:2)
  7 vault guards (D:13)
  26 hydras
  Harold (D:9)
  A ghost crab (Swamp:2)
  23 naga warriors
  A servant of whispers (Elf:1)
  2 shambling mangroves
  Erica (Lair:2)
  A centaur warrior (D:15)
  8 two-headed ogres
  9 anacondas
  8 alligators
  3 tengu warriors
  6 dancing weapons
  6 orc high priests
  7 shock serpents
  6 deep elf knights
  12 naga sharpshooters
  Nergalle (Orc:1)
  3 spriggan druids (Swamp:4)
  An unseen horror (D:12)
  5 naga ritualists
  2 salamander mystics
  3 orange crystal statues
  2 sea snakes (Snake:2)
  4 swamp dragons
  5 deep elf archers
  An obsidian statue (D:13)
  5 mana vipers
  8 orc knights
  39 deep elf magi
  5 oklob plants
  4 cyclopes
  2 orc sorcerers (Orc:1)
  4 manticores
  An ugly thing (D:11)
  6 elephants (Lair:3)
  3 centaur zombies
  Maurice (D:8)
  3 salamanders
  16 naga magi
  An eye of devastation (Lair:5)
  3 guardian serpents
  27 black mambas
  A gargoyle (D:12)
  A torpor snail (Lair:6)
  5 komodo dragons
  A rime drake (Lair:1)
  23 spiny frogs
  2 kobold demonologists
  A yaktaur (D:15)
  10 trolls
  3 meliai (D:14)
  7 tyrant leeches
  6 polar bears (Lair:6)
  A merfolk (shapeshifter) (D:15)
  A tengu conjurer (D:15)
  A blink frog (shapeshifter) (Elf:2)
  17 hornets
  13 bog bodies
  Prince Ribbit (D:9)
  A meliai zombie (D:15)
  16 slime creatures
  6 saltlings
  6 hippogriffs
  14 blink frogs
  5 dream sheep (Lair:6)
  A shadow (D:15)
  4 air elementals
  A water elemental (Elf:1)
  17 spriggans
  4 wyverns
  6 wraiths
  A spriggan (shapeshifter) (D:15)
  2 fire elementals
  3 fire bats (Lair:3)
  2 vampires (D:13)
  30 yaks
  A basilisk (Lair:3)
  Eustachio (D:5)
  A steam dragon (Lair:4)
  25 vampire mosquitoes
  3 insubstantial wisps (Swamp:2)
  Edmund (D:5)
  65 nagas
  2 wargs
  13 swamp worms
  2 soldier ants
  3 hell hounds (Snake:3)
  An acid dragon (D:13)
  A porcupine (shapeshifter) (Elf:1)
  18 water moccasins
  5 porcupines
  13 swamp drakes
  35 orc warriors
  8 ice beasts
  6 sky beasts
  2 eyes of draining
  4 black bears
  6 phantoms
  2 necrophages
  3 boggarts (Lair:6)
  24 wolves
  12 ogres
  16 centaurs
  18 crocodiles
  A big kobold (D:7)
  18 bullfrogs
  An earth elemental (Elf:1)
  A wyvern zombie (D:11)
  A wyvern skeleton (D:10)
  3 scorpions
  9 killer bees
  14 wights
  2 howler monkeys
  3 electric eels (D:10)
  8 crimson imps
  A quasit (D:10)
  3 lava snakes (Lair:2)
  3 bullfrog zombies
  9 hounds
  A bullfrog skeleton (D:7)
  23 orc priests
  Crazy Yiuf (D:4)
  A jelly (D:14)
  7 centaur skeletons
  6 iguanas
  27 orc wizards
  8 worker ants
  A hound zombie (D:9)
  2 hound skeletons
  2 worker ant zombies
  A howler monkey skeleton (D:7)
  9 adders
  3 gnolls (D:8)
  2 shadow imps
  An adder zombie (D:6)
  An adder skeleton (D:7)
  A worm (D:7)
  7 leopard geckos
  87 orcs
  4 giant cockroaches
  7 goblins
  6 hobgoblins
  12 jackals
  15 kobolds
  5 quokkas
  3 ball pythons
  4 bats
  6 frilled lizards
  A leopard gecko skeleton (D:6)
  A quokka zombie (D:8)
  12 rats
  A fire vortex (Lair:3)
  3 fungi
  2 plants
1165 creatures vanquished.

Vanquished Creatures (collateral kills)
  The ghost of torrenera the Brawler, an adept TrWr of Cheibriados (Snake:4)
  A nagaraja (Snake:4)
  The ghost of Hastur the Spry, an adept DrWz of Hepliaklqana (Snake:4)
  Azrael (Snake:3)
  A deep elf annihilator (Elf:1)
  A ragged hierophant (Desolation)
  A naga warrior (Snake:4)
  A hydra (Swamp:4)
  An ice dragon (Swamp:4)
  10 dancing weapons (Elf:2)
  9 deep elf knights
  2 deep elf archers (Elf:1)
  3 swamp dragons (Swamp:4)
  10 deep elf magi
  A salamander (shapeshifter) (Elf:2)
  An orc sorcerer (Elf:1)
  4 naga magi
  4 saltlings (Desolation)
  A slime creature (Swamp:3)
  A bog body (Swamp:3)
  A spriggan (Swamp:4)
  2 hell hounds (Snake:3)
  2 swamp drakes (Swamp:4)
  An ice beast (D:5)
  4 earth elementals
  2 killer bees (D:7)
  A quasit (D:9)
  An iguana (D:4)
  A worker ant (D:4)
  An orc wizard (Orc:1)
  An adder (D:2)
  An ooze (D:1)
  A giant cockroach (D:1)
  A goblin (D:1)
  2 jackals (D:1)
  A rat (D:1)
78 creatures vanquished.

Vanquished Creatures (others)
  2 hydras (Swamp:2)
  A centaur warrior (D:14)
  2 deep elf knights
  An orc knight (Orc:2)
  A deep elf archer (Elf:2)
  An ironbrand convoker (Desolation)
  2 deep elf magi
  A naga (Snake:4)
  An electric eel (D:10)
  A bush (Lair:6)
  6 fungi
  11 plants
30 creatures vanquished.

Grand Total: 1273 creatures vanquished

Notes
Turn   | Place    | Note
-------+----------+-------------------------------------------
     0 | D:1      | Conn the Octopode Wizard began the quest for the Orb.
     0 | D:1      | Reached XP level 1. HP: 11/11 MP: 4/4
   389 | D:1      | Reached XP level 2. HP: 17/17 MP: 0/6
   393 | D:1      | Learned a level 2 spell: Blink
   396 | D:1      | Learned a level 2 spell: Call Imp
  1172 | D:2      | Reached XP level 3. HP: 21/21 MP: 5/8
  2133 | D:2      | Reached XP level 4. HP: 12/27 MP: 9/9
  2460 | D:3      | Reached skill level 1 in Unarmed Combat
  2487 | D:3      | Learned a level 3 spell: Conjure Flame
  2619 | D:4      | Got a sparkling glass ring
  2620 | D:4      | Identified the ring "Ickacwul" {+Blink rElec MP+9} (You
                  | found it on level 4 of the Dungeon)
  2892 | D:4      | Found a staircase to the Ecumenical Temple.
  2902 | Temple   | Entered the Ecumenical Temple
  2973 | Temple   | Became a worshipper of Sif Muna the Loreminder
  3057 | D:4      | Reached skill level 4 in Spellcasting
  3381 | D:4      | Reached XP level 5. HP: 27/32 MP: 11/11
  3614 | D:4      | Found a runed translucent door.
  3615 | D:4      | Noticed Crazy Yiuf
  3622 | D:4      | Learned a level 3 spell: Mephitic Cloud
  3651 | D:4      | Killed Crazy Yiuf
  5147 | D:5      | Entered Level 5 of the Dungeon
  5253 | D:5      | Reached skill level 1 in Fighting
  5253 | D:5      | Reached XP level 6. HP: 15/38 MP: 12/12
  5473 | D:5      | Noticed Edmund
  5555 | D:5      | Killed Edmund
  5555 | D:5      | Reached skill level 1 in Short Blades
  5937 | D:5      | Reached skill level 5 in Spellcasting
  5937 | D:5      | Reached XP level 7. HP: 43/43 MP: 14/14
  5940 | D:5      | Noticed Eustachio
  5959 | D:5      | Killed Eustachio
  5959 | D:5      | Reached skill level 1 in Poison Magic
  6375 | D:5      | Reached * piety under Sif Muna
  6625 | D:5      | Reached skill level 5 in Stealth
  6625 | D:5      | Reached XP level 8. HP: 9/48 MP: 16/16
  6934 | D:5      | Reached skill level 1 in Air Magic
  7041 | D:5      | Reached skill level 6 in Spellcasting
  7185 | D:6      | Reached skill level 1 in Maces & Flails
  7983 | D:6      | Found a glowing silver altar of Zin.
  8088 | D:6      | Reached XP level 9. HP: 48/54 MP: 18/18
  8300 | D:7      | Reached skill level 5 in Conjurations
  8308 | D:7      | Reached ** piety under Sif Muna
  8318 | D:7      | Reached skill level 7 in Spellcasting
  8529 | D:7      | Found a snail-covered altar of Cheibriados.
  9286 | D:8      | Noticed a two-headed ogre
  9287 | D:8      | Noticed Maurice
  9297 | D:8      | Killed a two-headed ogre
  9297 | D:8      | Reached skill level 5 in Maces & Flails
  9316 | D:8      | Killed Maurice
  9316 | D:8      | Reached skill level 8 in Spellcasting
  9316 | D:8      | Reached XP level 10. HP: 46/62 MP: 7/22
  9592 | D:8      | Reached *** piety under Sif Muna
  9783 | D:8      | Noticed a two-headed ogre
  9805 | D:8      | Killed a two-headed ogre
  9965 | D:8      | Learned a level 5 spell: Iskenderun's Battlesphere
  9971 | D:8      | Learned a level 5 spell: Bolt of Magma
 10085 | D:8      | Found an ornate altar of the Wu Jian Council.
 10240 | D:8      | Reached skill level 1 in Evocations
 10888 | D:9      | Noticed Prince Ribbit
 10895 | D:9      | Killed Prince Ribbit
 11103 | D:9      | Reached skill level 1 in Invocations
 11104 | D:9      | Found a stormy altar of Qazlal.
 11225 | D:9      | Noticed Harold
 11251 | D:9      | Killed Harold
 11251 | D:9      | Reached skill level 9 in Spellcasting
 11251 | D:9      | Reached skill level 1 in Charms
 11756 | D:9      | Reached XP level 11. HP: 56/66 MP: 24/24
 11806 | D:9      | Learned a level 4 spell: Summon Ice Beast
 11994 | D:10     | Entered Level 10 of the Dungeon
 11994 | D:10     | Noticed a cyclops
 12001 | D:10     | Killed a cyclops
 12002 | D:10     | Found a staircase to the Orcish Mines.
 12148 | D:10     | Reached **** piety under Sif Muna
 12196 | D:10     | Reached skill level 1 in Ice Magic
 12472 | D:10     | Found a staircase to the Lair.
 12696 | D:10     | Noticed a two-headed ogre
 12699 | D:10     | Killed a two-headed ogre
 12699 | D:10     | Reached skill level 1 in Fire Magic
 13345 | D:10     | Noticed an orange crystal statue
 13399 | D:10     | Killed an orange crystal statue
 13642 | D:10     | Learned a level 3 spell: Ignite Poison
 14135 | D:11     | Reached skill level 10 in Spellcasting
 14244 | D:11     | Noticed a deep elf mage
 14562 | D:11     | Killed a deep elf mage
 14694 | D:11     | Noticed a cyclops
 14703 | D:11     | Killed a cyclops
 14703 | D:11     | Noticed a two-headed ogre
 14746 | D:11     | Killed a two-headed ogre
 14886 | D:11     | Noticed a manticore
 14904 | D:11     | Killed a manticore
 15111 | D:11     | Noticed a two-headed ogre
 15111 | D:11     | Noticed a purple ugly thing
 15121 | D:11     | Killed a purple ugly thing
 15121 | D:11     | Reached XP level 12. HP: 29/71 MP: 26/26
 15135 | D:11     | Killed a two-headed ogre
 15587 | D:11     | Reached ***** piety under Sif Muna
 16060 | Orc:1    | Entered Level 1 of the Orcish Mines
 16067 | Orc:1    | Found Xajaisaa's Armour Boutique.
 16069 | Orc:1    | Noticed an orc high priest
 16101 | Orc:1    | Killed an orc high priest
 16169 | Orc:1    | Identified Sif Muna's Volume of the Lethal Volcanoes (Sif
                  | Muna gifted it to you on level 1 of the Orcish Mines)
 16169 | Orc:1    | Received a gift from Sif Muna
 16174 | Orc:1    | Learned a level 2 spell: Searing Ray
 16487 | Orc:1    | Reached skill level 11 in Spellcasting
 16570 | Orc:1    | Found Vudasy's Jewellery Shop.
 16586 | Orc:1    | Noticed Nergalle
 16611 | Orc:1    | Killed Nergalle
 16621 | Orc:1    | Bought a +5 amulet of reflection for 576 gold pieces
 16621 | Orc:1    | Bought a +3 ring of intelligence for 219 gold pieces
 16811 | Orc:1    | Found Pemp's Food Emporium.
 16958 | Orc:2    | Entered Level 2 of the Orcish Mines
 17506 | Orc:2    | Found a staircase to the Elven Halls.
 17891 | Orc:2    | Found a roughly hewn altar of Beogh.
 18375 | Orc:2    | Reached skill level 1 in Transmutations
 18375 | Orc:2    | Reached skill level 5 in Invocations
 18585 | Orc:2    | Noticed an orc high priest
 18592 | Orc:2    | Killed an orc high priest
 18792 | Orc:2    | Reached skill level 10 in Conjurations
 18800 | Orc:2    | Identified Sif Muna's Almanac of the Frostbite and Aid (Sif
                  | Muna gifted it to you on level 2 of the Orcish Mines)
 18800 | Orc:2    | Received a gift from Sif Muna
 18800 | Orc:2    | Reached XP level 13. HP: 77/77 MP: 18/28
 18850 | Orc:2    | Reached skill level 5 in Poison Magic
 19201 | Orc:2    | Reached skill level 5 in Evocations
 19880 | Orc:2    | Reached skill level 12 in Spellcasting
 20251 | Orc:2    | Found Diobbot's Weapon Shoppe.
 20251 | Orc:2    | Found Ilaukhlu's Distillery.
 20252 | Orc:2    | Found Kodage's Assorted Antiques.
 20252 | Orc:2    | Found Seli's Weapon Emporium.
 20265 | Orc:2    | Bought a twisted dagger for 196 gold pieces
 20266 | Orc:2    | Bought 2 potions of heal wounds for 110 gold pieces
 20266 | Orc:2    | Bought a potion of curing for 33 gold pieces
 20266 | Orc:2    | Bought a potion of curing for 33 gold pieces
 20268 | Orc:2    | Identified the +3 dagger of the Spider Nest {pain, rPois
                  | Str+4} (You bought it in a shop on level 2 of the Orcish
                  | Mines)
 20620 | Lair:1   | Entered Level 1 of the Lair of Beasts
 21059 | Lair:1   | Identified the Papyrus of Shifting Boosts
 21395 | Lair:2   | Noticed Erica
 21402 | Lair:2   | Killed Erica
 22376 | Lair:2   | Noticed Fannar
 22386 | Lair:2   | Killed Fannar
 23500 | Lair:2   | Gained mutation: Your spells are a little easier to cast,
                  | but a little less powerful. [potion of mutation]
 23500 | Lair:2   | Gained mutation: You are resistant to electric shocks.
                  | (rElec) [potion of mutation]
 23516 | Lair:2   | Learned a level 7 spell: Orb of Destruction
 23576 | Lair:3   | Reached skill level 13 in Spellcasting
 23909 | Lair:3   | Found a staircase to the Swamp.
 23919 | Lair:3   | Reached XP level 14. HP: 83/83 MP: 31/31
 24158 | Lair:3   | Got an ebony quarterstaff
 24159 | Lair:3   | Identified the +5 quarterstaff "Zunt" {distort, rC- rN+
                  | SInv} (You found it on level 3 of the Lair of Beasts)
 24164 | Lair:3   | Gained mutation: You tend to lose your temper in combat.
                  | [mutagenic glow]
 24213 | Lair:3   | Gained mutation: You are dopey. (Int -2) [mutagenic glow]
 24652 | Lair:3   | Received a gift from Sif Muna
 25638 | Lair:4   | Found a staircase to the Snake Pit.
 25707 | Lair:4   | Reached skill level 1 in Earth Magic
 26766 | Lair:5   | Reached skill level 14 in Spellcasting
 26957 | Lair:5   | Reached skill level 5 in Dodging
 26973 | Lair:5   | Found a staircase to the Slime Pits.
 27219 | Lair:5   | Learned a level 3 spell: Ozocubu's Armour
 27805 | Lair:6   | Entered Level 6 of the Lair of Beasts
 29029 | Lair:6   | Identified Sif Muna's Collected Works on Snow and Combat
                  | Magic (Sif Muna gifted it to you on level 6 of the Lair of
                  | Beasts)
 29029 | Lair:6   | Received a gift from Sif Muna
 30317 | Lair:6   | Reached XP level 15. HP: 88/88 MP: 33/33
 30489 | Lair:6   | Learned a level 4 spell: Iskenderun's Mystic Blast
 31633 | Snake:1  | Entered Level 1 of the Snake Pit
 31819 | Lair:4   | Learned a level 2 spell: Shroud of Golubria
 31905 | Slime:1  | Entered Level 1 of the Pits of Slime
 31906 | Slime:1  | Noticed an acid blob
 31910 | Slime:1  | Killed an acid blob
 31910 | Slime:1  | Reached skill level 1 in Shields
 32258 | Lair:5   | Reached skill level 5 in Fighting
 32258 | Lair:5   | Reached XP level 16. HP: 98/98 MP: 34/34
 32540 | D:12     | Reached skill level 15 in Spellcasting
 32927 | D:11     | Identified Sif Muna's Incunabulum of Boosts and Evil
                  | Secrets (Sif Muna gifted it to you on level 11 of the
                  | Dungeon)
 32927 | D:11     | Received a gift from Sif Muna
 32944 | D:11     | Learned a level 6 spell: Deflect Missiles
 34140 | D:13     | Noticed Frances
 34157 | D:13     | Killed Frances
 34157 | D:13     | Reached skill level 5 in Shields
 34539 | D:13     | Found a gate to the Vaults.
 35185 | D:13     | Reached skill level 5 in Translocations
 37384 | D:14     | Identified Sif Muna's Tome of Hurtful Malediction (Sif Muna
                  | gifted it to you on level 14 of the Dungeon)
 37384 | D:14     | Received a gift from Sif Muna
 37887 | D:15     | Entered Level 15 of the Dungeon
 37897 | D:15     | Noticed Josephine
 37906 | D:15     | Killed Josephine
 38294 | D:15     | Reached XP level 17. HP: 102/102 MP: 28/36
 38612 | D:15     | Found a staircase to the Depths.
 40211 | Snake:1  | Reached skill level 16 in Spellcasting
 40718 | Snake:1  | Reached skill level 5 in Fire Magic
 42064 | Snake:1  | Found Xethraoch's Antique Weapon Boutique.
 42064 | Snake:1  | Found Hipsuca's Weapon Shop.
 42065 | Snake:1  | Found Zeqemiam's Book Boutique.
 42067 | Snake:1  | Found Ekuomez's Weapon Shop.
 43090 | Snake:3  | Learned a level 7 spell: Spellforged Servitor
 43103 | Snake:3  | Noticed Azrael
 43145 | Snake:3  | Upgraded the game from 0.25-a0-785-gb22c70e859 to
                  | 0.25-a0-786-g5b70d41e48
 43704 | Snake:3  | Found a runed translucent door.
 43762 | Snake:3  | Reached skill level 5 in Charms
 44239 | Snake:3  | Noticed dricus's ghost (adept KoBe)
 44273 | Snake:3  | Killed dricus's ghost
 45092 | Snake:3  | Killed Azrael
 45424 | Snake:2  | Reached XP level 18. HP: 66/108 MP: 11/38
 45442 | Snake:2  | Reached skill level 17 in Spellcasting
 46283 | Snake:2  | Reached skill level 5 in Air Magic
 46589 | Snake:4  | Entered Level 4 of the Snake Pit
 46724 | Snake:4  | Noticed Louise
 47413 | Snake:4  | Killed Louise
 47431 | Snake:4  | Found a runed translucent gate.
 47432 | Snake:4  | Found a runed translucent gate.
 47433 | Snake:4  | Found a runed translucent gate.
 47952 | Snake:4  | Noticed torrenera's ghost (adept TrWr)
 47952 | Snake:4  | Noticed Hastur's ghost (adept DrWz)
 47968 | Snake:4  | Killed torrenera's ghost
 47968 | Snake:4  | Reached skill level 15 in Conjurations
 47974 | Snake:4  | Killed Hastur's ghost
 49104 | Snake:4  | Received a gift from Sif Muna
 49709 | Snake:4  | Reached skill level 18 in Spellcasting
 49907 | Snake:4  | Got a serpentine rune of Zot
 50092 | Swamp:1  | Entered Level 1 of the Swamp
 50188 | Swamp:1  | Reached skill level 5 in Summonings
 50849 | Swamp:2  | Reached XP level 19. HP: 114/114 MP: 19/41
 51249 | Swamp:2  | Found a runed translucent gate.
 51250 | Swamp:2  | Found a runed translucent gate.
 51251 | Swamp:2  | Found a runed translucent gate.
 51253 | Swamp:2  | Noticed Maedhros's ghost (adept OpAr)
 51284 | Swamp:2  | Noticed Aizul
 51290 | Swamp:2  | Killed Aizul
 52773 | Swamp:4  | Entered Level 4 of the Swamp
 52789 | Swamp:4  | Identified Areipn's Almanac of Flames and Conjuration (Sif
                  | Muna gifted it to you on level 4 of the Swamp)
 52789 | Swamp:4  | Received a gift from Sif Muna
 53977 | Swamp:3  | Learned a level 7 spell: Ring of Flames
 54712 | Swamp:4  | Got a decaying rune of Zot
 54929 | Elf:1    | Entered Level 1 of the Elven Halls
 55425 | Elf:1    | Found a ruined gateway.
 55523 | Desolati | Entered the Desolation of Salt
 55554 | Desolati | Reached skill level 19 in Spellcasting
 55945 | Elf:1    | Identified Cewo's Guide on Confrontation
 55948 | Elf:1    | Got a bound lead amulet
 55950 | Elf:1    | Identified the amulet "Siecsual" {Inacc rC+ MR+} (You found
                  | it on level 1 of the Elven Halls)
 56130 | Elf:1    | Identified Lom Lobon's Almanac of Dislocation (Sif Muna
                  | gifted it to you on level 1 of the Elven Halls)
 56130 | Elf:1    | Received a gift from Sif Muna
 56452 | Elf:1    | Reached XP level 20. HP: 99/119 MP: 30/43
 57298 | Elf:2    | Found Mexurruf's Book Boutique.
 57407 | Elf:2    | Learned a level 5 spell: Fireball
 57435 | Elf:2    | Found Siluikle's Distillery.
 57471 | Elf:2    | Found Ihiog's Book Shop.
 57606 | Elf:2    | Found Toby's Distillery.
 57734 | Elf:2    | Found a huge runed translucent gate.
 57734 | Elf:2    | Found a huge runed translucent gate.
 57739 | Elf:2    | Found a huge runed translucent gate.
 57740 | Elf:2    | Found a huge runed translucent gate.
 57740 | Elf:2    | Found a huge runed translucent gate.
 58106 | Elf:2    | HP: 3/119 [+4 dire flail of protection (20)]
 58107 | Elf:2    | Mangled by a +1 vorpal scimitar

Levels and vault maps discovered:
D:1:      nzn_arrival_water_spiral, layout_rooms, solitary_fountain
D:2:      layout_basic, minmay_circle_x
D:3:      layout_loops_corners, minivault_27
D:4:      layout_layer_cave, minmay_temple_entry_stoned_glass, first_ration,
          uniq_crazy_yiuf_cottage
D:5:      layout_cave_pods, uniq_edmund, uniq_eustachio
D:6:      layout_loops_corners, kennysheep_mini, portal_sewer_entry_e
D:7:      minmay_evil_eye, layout_cave_pools, slow_altar_1, grunt_ogre_cave
D:8:      layout_loops_corners, lemuel_crystal_altar, enter_bailey_7,
          uniq_maurice
D:9:      layout_loops_ring, nicolae_qazlal_eye_of_the_storm,
          hangedman_decor_peaks_small, kennysheep_generic_room_5,
          uniq_prince_ribbit1, uniq_harold
D:10:     minmay_statue_hallways, layout_irregular_city, erik_lair_island,
          orc_0_dummy
D:11:     layout_basic, gauntlet_entry_generic
D:12:     layout_basic
D:13:     layout_cave_pods, erik_vaults_2, minivault_16,
          minmay_protected_statue, uniq_frances
D:14:     layout_roguey, serial_aquarium, aquarium_bridge_square
          [aquarium_subvault_window, aquarium_subvault_bridge,
          aquarium_subvault_bridge, aquarium_subvault_wall], aquarium_window_1,
          aquarium_window_fake, aquarium_view_2d, aquarium_view_2f,
          aquarium_balcony_double_3, aquarium_pool_side,
          portal_ice_cave_entry_pillars_2, minivault_24
D:15:     grunt_enter_depths_hoard, layout_irregular_city, moated_statue,
          uniq_josephine
Temple:   dpeg_five_rooms_temple
Lair:1:   layout_misc_corridors, infiniplex_staircase_pool, grunt_megastairs_5
Lair:2:   layout_cave_pods, disabler_island, lemuel_fruit_tree, uniq_erica,
          uniq_fannar
Lair:3:   layout_gridlike, skrybe_swamp_entry_bodies, grunt_megastairs_3
Lair:4:   layout_cave_pods, dummy_snake_entry, grunt_megastairs_4
Lair:5:   layout_gridlike, minmay_slime_entry_eyes,
          eino_small_chamber_without_monster, grunt_megastairs_1
Lair:6:   minmay_lair_end_enchanted_forest, layout_loops_ring,
          lemuel_fruit_fields, minmay_lair_oklob_chamber, serial_bayou_shore_a
Swamp:1:  layout_basic_swamp, hangedman_swamp_ruin_wall
Swamp:2:  layout_falls_marsh, gammafunk_ghost_necromancy,
          evilmike_swamp_ruin_rubble_2, swamp_pool4, st_swamp_ruins_1,
          uniq_aizul
Swamp:3:  layout_basic_swamp, nicolae_swamp_rocky_clearing
Swamp:4:  swamp, layout_basic_swamp, swamp_pool5, statue_in_the_mist_lemuel,
          serial_swamp_ruin, evilmike_swamp_ruin_house_1,
          evilmike_swamp_ruin_rubble_1, evilmike_swamp_ruin_house_4
Snake:1:  layout_chambers, minmay_shoptagon
Snake:2:  layout_rooms, serial_bayou_pond_b
Snake:3:  layout_grid_shapes, ebering_ghost_reflecting_pool,
          hangedman_snake_corridor_cut, uniq_azrael
Snake:4:  minmay_snake_end_coiled, layout_grid_shapes, gammafunk_ghost_cemetery,
          nicolae_snake_double_loop, grunt_ministairs_14, st_stairs_1,
          uniq_louise
Slime:1:  layout_caves, cheibrodos_slime_lost_civilization_6
Orc:1:    layout_caves, serial_shops, nicolae_shop_waterfront,
          nicolae_shop_competitors_out_of_business, shop_fountains,
          uniq_nergalle
Orc:2:    st_orc_pillars, layout_caves, mines2_david
Elf:1:    eino_elf_arrival_sip, layout_gridlike, portal_desolation_entry_salt,
          minmay_elf_annihilation
Elf:2:    layout_onion_city, serial_shops, shop_coins, nicolae_shop_waterfront,
          shop, nicolae_shop_behind_doors, minmay_checkered_concentric_circles

Skill      XL: |  1  2  3  4  5  6  7  8  9 10 11 12 13 14 15 16 17 18 19 20 |
---------------+-------------------------------------------------------------+-----
Stealth        | 3 4 5 6 |  6.4
Unarmed Combat | 1 |  1.0
Spellcasting   | 4 5 6 8 9 10 11 13 14 15 16 18 19 | 19.5
Fighting       | 1 2 3 5 |  5.5
Short Blades   | 1 2 3 |  3.6
Conjurations   | 2 3 4 6 7 8 10 11 12 13 14 15 16 | 16.3
Poison Magic   | 1 2 3 4 5 6 |  6.4
Translocations | 2 3 4 5 6 |  6.5
Summonings     | 2 3 5 6 |  6.3
Air Magic      | 1 2 3 4 5 |  5.8
Maces & Flails | 3 5 |  5.0
Dodging        | 3 4 5 6 |  6.6
Evocations     | 2 3 4 5 |  5.0
Invocations    | 1 3 5 |  5.0
Charms         | 1 2 3 4 5 6 |  6.1
Ice Magic      | 3 4 |  4.3
Fire Magic     | 1 2 3 4 6 7 8 9 |  9.2
Transmutations | 1 2 |  2.2
Earth Magic    | 2 3 |  3.0
Shields        | 4 5 |  5.5
Staves         | |  0.3
Throwing       | |  0.2

Action                   |  1- 3 |  4- 6 |  7- 9 | 10-12 | 13-15 | 16-18 | 19-21 || total
-------------------------+-------+-------+-------+-------+-------+-------+-------++-------
Melee: Unarmed           |    35 |       |       |       |       |       |       ||    35
       Constrict         |    16 |    25 |    38 |    36 |    20 |    25 |     2 ||   162
       Tentacles         |    12 |    20 |    23 |    27 |    24 |    34 |     1 ||   141
       Dagger            |    36 |   122 |    36 |   169 |    81 |   198 |       ||   642
       Punch             |       |     1 |     1 |     1 |       |       |       ||     3
       Dire flail        |       |       |   152 |       |       |       |       ||   152
       Staff             |       |       |     3 |    18 |    10 |       |     9 ||    40
Throw: Throwing net      |       |       |       |     1 |     1 |       |       ||     2
 Cast: Magic Dart        |    46 |    67 |   154 |   601 |   460 |   415 |   274 ||  2017
       Call Imp          |     4 |     9 |     8 |     6 |       |       |       ||    27
       Blink             |       |     5 |     4 |    40 |    44 |    32 |    25 ||   150
       Conjure Flame     |       |     1 |    10 |    12 |       |     1 |       ||    24
       Mephitic Cloud    |       |     8 |    26 |   128 |   102 |   107 |    50 ||   421
       Ignite Poison     |       |       |       |    17 |    14 |    16 |     4 ||    51
       Iskenderun's Batt |       |       |       |    27 |    99 |   125 |    79 ||   330
       Summon Ice Beast  |       |       |       |     2 |     2 |       |       ||     4
       Searing Ray       |       |       |       |     2 |    42 |   140 |    64 ||   248
       Bolt of Magma     |       |       |       |       |    20 |    38 |    49 ||   107
       Ozocubu's Armour  |       |       |       |       |     4 |     2 |       ||     6
       Orb of Destructio |       |       |       |       |    10 |   128 |    17 ||   155
       Iskenderun's Myst |       |       |       |       |     5 |    70 |    46 ||   121
       Shroud of Golubri |       |       |       |       |     2 |    17 |     1 ||    20
       Deflect Missiles  |       |       |       |       |       |    16 |     5 ||    21
       Spellforged Servi |       |       |       |       |       |     7 |    27 ||    34
       Ring of Flames    |       |       |       |       |       |       |     1 ||     1
       Fireball          |       |       |       |       |       |       |     5 ||     5
Invok: Channel Magic     |       |       |       |     1 |     2 |    12 |     4 ||    19
       Forget Spell      |       |       |       |       |       |     2 |       ||     2
Evoke: Wand              |       |     1 |       |    14 |     6 |    10 |     1 ||    32
  Use: Potion            |       |     2 |     1 |     1 |    13 |    12 |     1 ||    30
       Scroll            |       |     8 |     3 |    10 |    11 |    13 |     6 ||    51
 Stab: Distracted        |     1 |       |       |       |       |       |       ||     1
       Sleeping          |     6 |     9 |     9 |    12 |       |     2 |       ||    38
       Confused          |       |     3 |     5 |    15 |    10 |    19 |       ||    52
       Paralysed         |       |       |       |       |     3 |       |       ||     3
  Eat: Chunk             |     4 |    10 |     3 |    29 |    21 |    21 |    25 ||   113
       Ration            |       |     1 |     2 |     1 |     9 |    22 |     3 ||    38
Armor: Skin              |     8 |     8 |    29 |    22 |    19 |    28 |    10 ||   124
Dodge: Dodged            |    42 |    76 |   107 |   225 |   161 |   219 |    76 ||   906
       Deflected         |       |       |       |       |       |    88 |    20 ||   108
Block: Other             |       |       |       |    12 |    40 |       |       ||    52
       Reflection        |       |       |       |     3 |     3 |    57 |    16 ||    79
       Buckler           |       |       |       |       |     6 |   261 |    84 ||   351

Table legend:
 A = Non-vault XP
 B = Vault XP
 C = Vault XP percentage of total XP
 D = Non-vault monster count
 E = Vault monster count
 F = Vault count percentage of total count
                 A         B        C        D         E       F
            +---------+---------+-------+---------+---------+-------
      Total |  237967 |  145823 |  38.0 |     884 |     360 |  28.9
            +---------+---------+-------+---------+---------+-------
        D:1 |      32 |       0 |   0.0 |      20 |       0 |   0.0
        D:2 |      48 |       7 |  12.7 |      19 |       5 |  20.8
        D:3 |      48 |       0 |   0.0 |      21 |       0 |   0.0
        D:4 |      73 |      31 |  29.8 |      10 |       1 |   9.1
        D:5 |     906 |     342 |  27.4 |      19 |       2 |   9.5
        D:6 |     897 |       0 |   0.0 |      22 |       0 |   0.0
        D:7 |    1192 |     145 |  10.8 |      25 |       4 |  13.8
        D:8 |    2758 |     506 |  15.5 |      28 |       5 |  15.2
        D:9 |     999 |    1260 |  55.8 |      23 |       2 |   8.0
       D:10 |    3023 |    1373 |  31.2 |      22 |       9 |  29.0
       D:11 |    9670 |       0 |   0.0 |      46 |       0 |   0.0
       D:12 |    7739 |       0 |   0.0 |      47 |       0 |   0.0
       D:13 |    6303 |   10375 |  62.2 |      34 |      10 |  22.7
       D:14 |    6662 |       0 |   0.0 |      22 |       0 |   0.0
       D:15 |    9625 |    4332 |  31.0 |      29 |       8 |  21.6
     Lair:1 |    2361 |    1253 |  34.7 |      15 |       5 |  25.0
     Lair:2 |    2336 |    2771 |  54.3 |       9 |       6 |  40.0
     Lair:3 |    4192 |    3875 |  48.0 |      12 |       9 |  42.9
     Lair:4 |    7798 |    1055 |  11.9 |      24 |       4 |  14.3
     Lair:5 |    9553 |    2081 |  17.9 |      36 |       5 |  12.2
     Lair:6 |    5147 |   11726 |  69.5 |      23 |      47 |  67.1
    Swamp:1 |    6737 |       0 |   0.0 |      14 |       0 |   0.0
    Swamp:2 |    8059 |    4486 |  35.8 |      26 |       6 |  18.8
    Swamp:3 |   10935 |       0 |   0.0 |      21 |       0 |   0.0
    Swamp:4 |   17332 |   16234 |  48.4 |      45 |      32 |  41.6
    Snake:1 |   16620 |       0 |   0.0 |      30 |       0 |   0.0
    Snake:2 |   18785 |    4657 |  19.9 |      28 |       6 |  17.6
    Snake:3 |   16424 |    7055 |  30.0 |      31 |      24 |  43.6
    Snake:4 |   19858 |   34735 |  63.6 |      33 |      54 |  62.1
    Slime:1 |    2445 |       0 |   0.0 |       1 |       0 |   0.0
      Orc:1 |    4651 |     792 |  14.6 |      52 |       1 |   1.9
      Orc:2 |    1700 |   11723 |  87.3 |      28 |      67 |  70.5
      Elf:1 |   20376 |    6550 |  24.3 |      42 |      13 |  23.6
      Elf:2 |   12683 |   15427 |  54.9 |      27 |      26 |  49.1
 Desolation |       0 |    3032 | 100.0 |       0 |       9 | 100.0
            +---------+---------+-------+---------+---------+-------
